AoeStats
← [Massa] Edo

Arena

508347682Analyzed
2v2 RM · 9d ago on Sep 22, 2026· 80m 32s· 4 players
Game mode
Random Map
Map size
Medium (4 player)
Population
200
Speed
Normal
Resources
Standard
Victory
Conquest
Starting age
Dark Age
Ending age
Imperial Age
RankedLock teamsTeams togetherTeam positionsShared explorationLock speedFull tech treeHidden civsTurbo modeCheats
Victory
Defeat
🇺🇸 Saracens · United States
1607
+12
🇺🇸 Spanish · United States
1597
+13
🇧🇷 Britons · Brazil
1544
-13
🇧🇷 Dravidians · Brazil
1500
-12
[SP4RT] roboticoperatingbuddyste
5:58 Loom
8:20 Feudal Age
15:15 Fletching
18:43 Double-Bit Axe
24:41 Castle Age
23:19 Gold Mining
24:44 Crossbowman
25:28 Bodkin Arrow
31:13 Imperial Age
30:06 Stone Mining
31:58 Bracer
33:37 Ballistics
36:00 Elite Skirmisher
38:08 Horse Collar
38:44 Padded Archer Armor
41:30 Leather Archer Armor
41:47 Bow Saw
42:15 Wheelbarrow
44:17 Heavy Plow
45:05 Conscription
45:49 Ring Archer Armor
46:27 Hand Cart
47:21 Chemistry
48:49 Scale Barding Armor
49:45 Siege Engineers
51:27 Stone Mining
54:46 Gold Shaft Mining
54:37 Masonry
55:57 Arbalester
57:04 Parthian Tactics
57:29 Thumb Ring
61:03 Two-Man Saw
61:07 Coinage
61:01 Scale Barding Armor
61:51 Forging
62:22 Chain Barding Armor
63:11 Iron Casting
62:12 Light Cavalry
63:02 Bloodlines
62:53 Husbandry
64:43 Plate Barding Armor
66:09 Hussar
68:33 Blast Furnace
70:56 Capped Ram
73:00 Caravan
73:12 Siege Ram
75:17 Scale Mail Armor
76:24 Chain Mail Armor
76:39 Treadmill Crane
77:35 Plate Mail Armor
76:56 Man-at-Arms
77:37 Squires
77:23 Arson
77:23 Gambesons
77:50 Long Swordsman
78:35 Two-Handed Swordsman
79:15 Champion
Barchy111
6:23 Loom
8:43 Feudal Age
10:22 Fletching
22:42 Castle Age
21:32 Horse Collar
23:18 Bodkin Arrow
24:05 Fortified Wall
23:54 Guard Tower
24:19 Double-Bit Axe
35:42 Imperial Age
37:04 Hoardings
39:57 Conscription
40:00 Heavy Plow
40:18 Bow Saw
39:55 Town Watch
42:21 Husbandry
42:31 Bloodlines
41:44 Cavalier
43:03 Scale Barding Armor
42:24 Cavalier
43:43 Wheelbarrow
44:18 Chain Barding Armor
45:29 Hand Cart
46:10 Plate Barding Armor
46:12 Paladin
50:02 Capped Ram
50:54 Siege Ram
52:39 Light Cavalry
53:45 Hussar
57:32 Forging
57:49 Masonry
58:00 Ballistics
58:40 Chemistry
58:46 Chemistry
58:54 Iron Casting
58:57 Fortified Wall
60:54 Blast Furnace
60:17 Ballistics
60:26 Caravan
63:27 Two-Man Saw
64:59 Town Patrol
65:54 Padded Archer Armor
67:34 Gold Mining
68:56 Architecture
71:47 Supremacy
72:07 Inquisition
71:32 Elite Conquistador
77:56 Coinage
79:25 Leather Archer Armor
[Massa] Edo
11:32 Feudal Age
10:18 Loom
12:25 Feudal Age
16:09 Castle Age
14:12 Fletching
22:28 Double-Bit Axe
22:25 Horse Collar
26:31 Bodkin Arrow
27:57 Bow Saw
27:43 Gold Mining
29:44 Wheelbarrow
30:17 Ballistics
30:00 Padded Archer Armor
30:57 Gold Shaft Mining
31:07 Leather Archer Armor
34:33 Imperial Age
32:33 Heavy Plow
32:24 Stone Mining
35:22 Yeomen
35:20 Bracer
36:06 Conscription
36:32 Ring Archer Armor
36:57 Elite Longbowman
39:18 Chemistry
37:56 Elite Skirmisher
42:12 Two-Man Saw
41:45 Coinage
41:37 Hand Cart
41:08 Town Watch
42:40 Crossbowman
43:57 Arbalester
44:53 Warwolf
45:00 Siege Engineers
44:51 Murder Holes
45:07 Masonry
44:37 Treadmill Crane
45:12 Pikeman
45:37 Arson
45:53 Squires
45:38 Gambesons
45:58 Scale Mail Armor
46:09 Forging
46:35 Halberdier
48:05 Chain Mail Armor
48:25 Iron Casting
48:01 Squires
49:39 Architecture
49:47 Hoardings
50:11 Plate Mail Armor
50:52 Onager
53:01 Blast Furnace
52:13 Gambesons
52:14 Arson
60:50 Scale Barding Armor
63:11 Husbandry
62:32 Light Cavalry
63:34 Chain Barding Armor
64:06 Caravan
66:49 Town Patrol
69:20 Plate Barding Armor
80:01 Cavalier
tg
9:03 Loom
11:14 Feudal Age
15:45 Castle Age
14:28 Double-Bit Axe
23:03 Town Watch
26:50 Wheelbarrow
27:08 Bow Saw
29:45 Fletching
31:50 Hand Cart
42:41 Horse Collar
44:28 Heavy Plow
52:36 Imperial Age
51:02 Town Patrol
51:04 Pikeman
51:46 Stone Mining
52:14 Squires
52:15 Scale Mail Armor
53:15 Clinker Construction
53:25 Chain Mail Armor
53:21 Forging
53:03 Gold Mining
53:02 Halberdier
56:00 Wootz Steel
55:41 Bodkin Arrow
56:57 Plate Mail Armor
56:56 Forging
58:06 Two-Man Saw
56:35 Siege Elephant
57:40 Conscription
58:26 Husbandry
58:33 Scale Barding Armor
59:34 Chemistry
59:40 Ballistics
59:31 Masonry
59:12 Guard Tower
60:10 Arson
60:47 Chain Barding Armor
60:27 Bracer
60:28 Padded Archer Armor
60:35 Elite Skirmisher
61:20 Thumb Ring
62:36 Iron Casting
63:13 Hoardings
63:17 Elite Elephant Archer
64:03 Murder Holes
64:43 Keep
64:38 Leather Archer Armor
66:50 Ring Archer Armor
67:20 Blast Furnace
67:41 Crossbowman
69:45 Caravan
71:10 Man-at-Arms
71:35 Gambesons
72:09 Guilds
72:36 Medical Corps
74:59 Light Cavalry
76:37 Onager
77:56 Clinker Construction
Connection lost

Rejoining the realm…

Still unreachable

The connection could not be restored.

Session expired

The server has moved on; the page needs a fresh start.